 Dungeon Crawl Stone Soup version 0.29.1-2-gbd0b4ee654 (webtiles) character file.

Game seed: 14369657479443210401

9 sanboga the Trooper (level 2, 24/24 HPs)
             Began as a Demonspawn Berserker on Dec 1, 2022.
             Was a Follower of Trog.
             Quit the game on level 1 of the Dungeon.
             The game lasted 00:00:30 (598 turns).

sanboga the Trooper (Demonspawn Berserker)           Turns: 598, Time: 00:00:31

Health: 24/24      AC:  2    Str: 17    XL:     2   Next: 3%
Magic:  2/2        EV: 12    Int:  8    God:    Trog [*.....]
Gold:   3          SH:  0    Dex: 12    Spells: 1/1 levels left

rFire   . . .      SeeInvis .     - Unarmed
rCold   . . .      Faith    .   (no shield)
rNeg    . . .      Spirit   .   a - +0 animal skin
rPois   .          Reflect  .   (no helmet)
rElec   .          Harm     .   (no cloak)
rCorr   .          Rampage  .   (no gloves)
Will    .....                   (no boots)
Stlth   +.........              (no amulet)
HPRegen 0.08/turn               (no ring)
MPRegen 0.08/turn               (no ring)

@: no status effects
A: demonic magic 1
a: Renounce Religion, Berserk


You were on level 1 of the Dungeon.
You worshipped Trog.
Trog was aware of your devotion.
You visited 1 branch of the dungeon, and saw 1 of its levels.

You collected 3 gold pieces.

Inventory:

Armour
 a - a +0 animal skin (worn)
Scrolls
 c - a scroll of butterflies {unknown}
Potions
 b - 2 potions of curing {unknown}
 d - a potion of mutation {unknown}


   Skills:
 + Level 3.1 Fighting
 + Level 1.9 Armour
 + Level 1.9 Dodging
 * Level 2.9 Unarmed Combat


You had one spell level left.
You didn't know any spells.
Your spell library was empty.

Dungeon Overview and Level Annotations

Branches:
Dungeon (1/15)

Altars:


Innate Abilities, Weirdness & Mutations

Spells you cast may paralyse adjacent enemies.


Message History

A hobgoblin comes into view.
A hobgoblin is nearby!
The hobgoblin barely misses you.
A hobgoblin is nearby!
You closely miss the hobgoblin. The hobgoblin hits you.
A hobgoblin is nearby!
You hit the hobgoblin.
The hobgoblin is almost dead.
The hobgoblin hits you.
You hit the hobgoblin.
You kill the hobgoblin!
Trog accepts your kill.
You open the door.
There is an open door here.
You open the door.
An endoplasm comes into view.
There is an open door here.
The endoplasm quivers.
An endoplasm is nearby!
Found a stone staircase leading down.
An endoplasm is nearby!
The endoplasm hits you.
An endoplasm is nearby!
You hit the endoplasm but do no damage. The endoplasm freezes you.
You are frozen.
You hit the endoplasm.
The endoplasm is moderately wounded.
The endoplasm barely misses you.
An endoplasm is nearby!
You hit the endoplasm.
You kill the endoplasm!
Trog accepts your kill.
You have reached level 2!
Your demonic ancestry asserts itself...
A menacing aura infuses your magic.
b - 2 glowing silvery potions (gained 1)
You open the door.
Found a book of Dreams.
Are you sure you want to abandon this character and quit the game? (Confirm with "yes".)

#### .#.. :. .#.# #. .#.#
#.#################
.#.##########.#.#..........#.....
.#............#.#.###........####
..........### #.#.###.####.......
..........###+#'#......###.....##
..........##....@........#......#
...........'.............#......#
..........##.............#......#
..........+.....................#
....[.....##..).................#
+#+#+##.#.##.............##..####
.............................
...#.............#####'#####
###.........###.............#


There were no monsters in sight!

Vanquished Creatures
  2 endoplasms (D:1)
  A goblin (D:1)
  A hobgoblin (D:1)
  A ball python (D:1)
  A bat (D:1)
  A frilled lizard (D:1)
  2 rats (D:1)
9 creatures vanquished.

Notes
Turn   | Place    | Note
-------+----------+-------------------------------------------
     0 | D:1      | sanboga the Demonspawn Berserker began the quest for the
                  | Orb.
     0 | D:1      | Reached XP level 1. HP: 18/18 MP: 1/1
   469 | D:1      | Gained mutation: Spells you cast may paralyse adjacent
                  | enemies. [demonic ancestry]
   469 | D:1      | Reached XP level 2. HP: 19/24 MP: 2/2
   598 | D:1      | Quit the game

Illustrated notes

Levels and vault maps discovered:
D:1:      scummos_arrival_forest, layout_basic,
          shapermc_ecumenical_altar_mp_vishouse, skrybe_limestone_x,
          minivault_19

Action                   || total
-------------------------++-------
Melee: Unarmed           ||    30
Invok: Berserk           ||     1
Armor: Animal skin       ||    12
Dodge: Dodged            ||    19
